 Dungeon Crawl Stone Soup version 0.29-a0-330-g52719c12eb (webtiles) character file.

Game seed: 5497774948331933802

288 kae the Firebug (level 5, 0/38 HPs)
             Began as a Demigod Fire Elementalist on Apr 23, 2022.
             Slain by a black bear (1 damage)
             ... on level 4 of the Dungeon.
             The game lasted 00:02:36 (4375 turns).

kae the Firebug (Demigod Fire Elementalist)         Turns: 4375, Time: 00:02:37

Health: 0/38       AC:  2    Str: 15    XL:     5   Next: 81%
Magic:  6/13       EV: 12    Int: 21    God:
Gold:   262        SH:  0    Dex: 14    Spells: 4/10 levels left

rFire   . . .      SeeInvis .   r - staff of conjuration
rCold   . . .      Faith    .   (no shield)
rNeg    + . .      Spirit   .   a - +0 robe
rPois   .          Reflect  .   (no helmet)
rElec   .          Harm     .   (no cloak)
rCorr   .          Rampage  .   (no gloves)
Will    .....                   (no boots)
Stlth   ++........              (no amulet)
HPRegen 0.12/turn               h - ring of positive energy
MPRegen 0.13/turn               t - +6 ring of strength

@: no status effects
A: high MP 1, forlorn, divine attributes
a: no special abilities


You were on level 4 of the Dungeon.
You visited 1 branch of the dungeon, and saw 4 of its levels.

You collected 262 gold pieces.

Inventory:

Hand Weapons
 m - a +0 short sword
Armour
 a - a +0 robe (worn)
Magical Staves
 r - a staff of conjuration (weapon)
Jewellery
 h - a ring of positive energy (left hand)
 t - a +6 ring of strength (right hand)
Scrolls
 j - 2 scrolls of amnesia {unknown}
 n - a scroll of teleportation {unknown}
 o - a scroll of vulnerability {unknown}
 p - a scroll of magic mapping {unknown}
 q - a scroll of fog {unknown}
 s - a scroll of silence {unknown}
 v - a scroll of identify
Potions
 b - a potion of magic
 c - 2 potions of resistance
 d - 3 potions of ambrosia
 e - 2 potions of invisibility
 f - a potion of haste {unknown}
 g - 2 potions of attraction
 i - 5 potions of curing
 k - a potion of lignification {unknown}
 l - 4 potions of brilliance {unknown}
 u - a potion of heal wounds {unknown}


   Skills:
 - Level 1.7 Dodging
 - Level 1.7 Stealth
 + Level 3.3 Spellcasting
 + Level 3.2 Conjurations
 + Level 4.2 Fire Magic


You had 4 spell levels left.
You knew the following spells:

 Your Spells              Type           Power      Damage    Failure   Level
a - Foxfire               Conj/Fire      100%       2x1d9     2%          1
b - Scorch                Fire           42%        2d7       3%          2
c - Conjure Flame         Conj/Fire      28%        6-21      9%          3

Your spell library contained the following spells:

 Spells                   Type           Power      Damage    Failure   Level
 Inner Flame              Hex/Fire       12%        N/A       16%         3
 Dazzling Flash           Conj/Hex       30%        N/A       21%         3
 Flame Wave               Conj/Fire      28%        2d8       28%         4
 Tukima's Dance           Hex            3%         N/A       36%         3
 Iskenderun's Mystic Bla  Conj/Tloc      15%        2d5       54%         4
 Passage of Golubria      Tloc           3%         N/A       77%         4
 Yara's Violent Unravell  Hex/Tmut       1%         3d3       98%         5
 Starburst                Conj/Fire      14%        6d6       99%         6


Dungeon Overview and Level Annotations

Branches:
Dungeon (4/15)             Temple (0/1) D:4

Shops:
D:2 =


Innate Abilities, Weirdness & Mutations

You have an increased reservoir of magic. (+10% MP)
You shall have no god before yourself.
Your divine heritage dramatically boosts your attributes as you level up.


Message History

Casting: Foxfire (safe; 3% risk of failure)
Confirm with . or Enter, or press ? or * to list all spells.
You feel a surge of power!
You conjure some foxfire!
The foxfire hits the hound but does no damage.
The hound is lightly wounded.
The foxfire hits the hound.
The hound is moderately wounded.
The hound bites you.
Casting: Foxfire (safe; 3% risk of failure)
Confirm with . or Enter, or press ? or * to list all spells.
You feel a surge of power!
You conjure some foxfire!
The hound completely misses you. The black bear bites you.
The black bear claws you. x2
The foxfire hits the hound.
The hound is heavily wounded.
The foxfire hits the hound.
The hound is almost dead.
The hound bites you. The black bear bites you. The black bear claws you.
The black bear misses you. The hound closely misses you.
Casting: Foxfire (safe; 3% risk of failure)
Confirm with . or Enter, or press ? or * to list all spells.
You feel a surge of power!
You conjure some foxfire!
The hound barely misses you. The black bear bites you!
* * * LOW HITPOINT WARNING * * *
The black bear barely misses you. The black bear closely misses you.
The foxfire hits the hound.
The hound is almost dead.
The foxfire hits the hound.
You kill the hound!
The black bear bites you.
* * * LOW HITPOINT WARNING * * *
The black bear closely misses you. The black bear claws you.
* * * LOW HITPOINT WARNING * * *
Casting: Foxfire (safe; 2% risk of failure)
Confirm with . or Enter, or press ? or * to list all spells.
You feel a surge of power!
You conjure some foxfire!
The black bear closely misses you. The black bear claws you.
* * * LOW HITPOINT WARNING * * *
The black bear claws you.
You die...

......... #.#####......
.......... ...........#.
#.......... ............
..........# ...........#
#######.# ...........#
#.... ...........# #....
.......v.h.# #....
.......!@v.# ##....
#......§#...... #....#
#.####..#.#.... #.....
..#..#.# ......#....#
#.#..#.# .....#.####
#.#..#.# ..#.#.#...
#......#.# #.#.#.#... .
##.....#.. #.#.#.#...
....##.†...#.#.#...#.....


You could see a black bear (ally target).

Vanquished Creatures
  A hound (D:4)
  A jelly (D:2)
  An orc wizard (D:4)
  2 iguanas (D:4)
  7 adders
  2 ufetubi (D:4)
  A worm (D:3)
  2 dart slugs (D:1)
  2 orcs (D:4)
  2 ball pythons (D:2)
  7 endoplasms
  6 giant cockroaches
  10 hobgoblins
  3 quokkas
  4 bats
  2 frilled lizards
  8 goblins
  8 kobolds
  2 rats
71 creatures vanquished.

Vanquished Creatures (others)
  253 foxfires
253 creatures vanquished.

Grand Total: 324 creatures vanquished

Notes
Turn   | Place    | Note
-------+----------+-------------------------------------------
     0 | D:1      | kae the Demigod Fire Elementalist began the quest for the
                  | Orb.
     0 | D:1      | Reached XP level 1. HP: 14/14 MP: 5/5
    86 | D:1      | Reached skill level 1 in Conjurations
   552 | D:1      | Reached XP level 2. HP: 2/20 MP: 1/7
   849 | D:1      | Learned a level 2 spell: Scorch
   962 | D:1      | Reached skill level 3 in Fire Magic
  1560 | D:2      | Reached XP level 3. HP: 22/26 MP: 3/9
  2277 | D:2      | Reached XP level 4. HP: 31/33 MP: 6/10
  2666 | D:2      | Found Xubuis's Jewellery Shoppe.
  2774 | D:2      | You fall into a shaft and drop 2 floors!
  2936 | D:3      | Learned a level 3 spell: Conjure Flame
  3816 | D:4      | Found a staircase to the Ecumenical Temple.
  3994 | D:4      | Reached XP level 5. HP: 38/38 MP: 6/12
  4056 | D:4      | Reached skill level 4 in Fire Magic
  4365 | D:4      | Noticed a black bear
  4375 | D:4      | HP: 1/38 [black bear (3)]
  4375 | D:4      | Slain by a black bear

Illustrated notes

Levels and vault maps discovered:
D:1:      evilmike_arrival_hilbert_curve, layout_loops_ring
D:2:      layout_loops_ring, hellmonk_ecumenical_altar_run_dry, serial_shops,
          nicolae_lakefront_shop
D:3:      layout_basic, mainiacjoe_overflow_alcove_3,
          hangedman_abyss_or_decor_stabs
D:4:      layout_basic, cheibrodos_worm_habitat, minmay_temple_entry_offerings

Skill      XL: |  1  2  3  4  5 |
---------------+----------------+-----
Conjurations   | 1 2 3 |  3.2
Spellcasting   | 2 3 |  3.3
Fire Magic     | 3 4 |  4.2
Dodging        | |  1.7
Stealth        | |  1.7

Action                   |  1- 3 |  4- 6 || total
-------------------------+-------+-------++-------
Melee: Unarmed           |     7 |       ||     7
       Short sword       |     1 |       ||     1
 Cast: Foxfire           |    70 |    82 ||   152
       Scorch            |     8 |     8 ||    16
  Use: Scroll            |       |     5 ||     5
 Stab: Sleeping          |     1 |       ||     1
Armor: Robe              |     8 |     3 ||    11
Dodge: Dodged            |    25 |    35 ||    60

Table legend: (Time is in decaauts)
 A = Elapsed time spent in this place.
 B = Non-inter-level travel time spent in this place.
 C = Inter-level travel time spent in this place.
 D = Time resting spent in this place.
 E = Time spent auto-exploring this place.
 F = Levels seen in this place.
 G = Mean time per level.
                   A        B        C        D        E       F      G
               +--------+--------+--------+--------+--------+-----+--------+
         Total |   4375 |   4293 |     82 |    309 |   3389 |   4 | 1093.8 |
       Dungeon |   4375 |   4293 |     82 |    309 |   3389 |   4 | 1093.8 |
               +--------+--------+--------+--------+--------+-----+--------+

Top non-repeatable levels by time:
     D:1: 1484 daAuts
     D:2: 1359 daAuts
     D:4: 868 daAuts
     D:3: 663 daAuts
